 Dungeon Crawl Stone Soup version 0.26.1-11-gd32895ea62 (webtiles) character file.

Game seed: 4311136695715569631

16 Zeld the Grasshopper (level 2, 0/19 HPs)
             Began as an Octopode Warper on May 17, 2021.
             Slain by a gnoll
             ... wielding a +0 spear
              (8 damage)
             ... on level 1 of the Dungeon.
             The game lasted 00:01:20 (404 turns).

Zeld the Grasshopper (Octopode Warper)               Turns: 404, Time: 00:01:20

Health: 0/19       AC:  1    Str: 10    XL:     2   Next: 54%
Magic:  5/5        EV: 13    Int: 15    God:
Gold:   20         SH:  0    Dex: 11    Spells: 3/5 levels left

rFire    . . .     SeeInvis .   a - +0 mace
rCold    . . .     Faith    .   (no shield)
rNeg     . . .     Spirit   .   (helmet restricted)
rPois    .         Reflect  .   (no amulet)
rElec    .         Harm     .   (no ring)
rCorr    .         Rampage  .   (no ring)
Will     .....                  (no ring)
Stlth    ++........             (no ring)
HPRegen  0.06/turn              (no ring)
MPRegen  0.09/turn              (no ring)
                                (no ring)
                                (no ring)

@: no status effects
A: almost no armour, stealthy swim, amphibious, 8 rings, constrict 8, camouflage
1, gelatinous body 1
a: no special abilities


You were on level 1 of the Dungeon.
You visited 1 branch of the dungeon, and saw 1 of its levels.

You collected 20 gold pieces.

Inventory:

Hand Weapons
 a - a +0 mace (weapon)
Missiles
 b - 5 boomerangs of dispersal (quivered)
Scrolls
 c - a scroll of blinking
 f - a scroll of amnesia {unknown}
 g - a scroll of identify {unknown}
 h - a scroll of teleportation {unknown}
Potions
 d - a potion of degeneration {unknown}
 e - a potion of brilliance {unknown}
 i - a potion of lignification {unknown}


   Skills:
 - Level 2.0 Fighting
 * Level 2.5 Maces & Flails
 - Level 1.0 Throwing
 - Level 2.3 Dodging
 + Level 2.2 Spellcasting
 + Level 3.2 Translocations


You had 3 spell levels left.
You knew the following spells:

 Your Spells              Type           Power        Failure   Level
a - Blink                 Tloc           N/A          9%          2

Your spell library contained the following spells:

 Spells                   Type           Power        Failure   Level
 Gell's Gravitas          Tloc           5%           17%         3
 Lesser Beckoning         Tloc           5%           17%         3
 Teleport Other           Tloc           11%          17%         3
 Passage of Golubria      Tloc           N/A          50%         4


Dungeon Overview and Level Annotations

Branches:
Dungeon (1/15)

Altars:


Innate Abilities, Weirdness & Mutations

You cannot wear most types of armour.
You are very stealthy in the water. (Stealth+)
You are amphibious.
You can wear up to eight rings at the same time.
You can use your tentacles to constrict eight enemies at once.
Your skin changes colour to match your surroundings (Stealth+).
Your rubbery body absorbs attacks. (AC +1, EV +1)


Message History

You sock the kobold!
You kill the kobold!
Things that are here:
4 stones; a kobold corpse The gnoll hits you with a +0 spear!
You hit the gnoll. Your grab misses the gnoll.
The gnoll is moderately wounded.
The gnoll misses you. The gnoll hits you with a +0 spear.
You are too injured to fight recklessly!
You are too injured to fight recklessly!
You are too injured to fight recklessly!
You are too injured to fight recklessly!
You hit the gnoll. You grab the gnoll.
The gnoll is heavily wounded.
You constrict the gnoll. The gnoll barely misses you.
You hit the gnoll.
The gnoll is almost dead.
You constrict the gnoll, but do no damage.
The gnoll hits you with a +0 spear!
You die...

#.#...)##.#
#.........#
+.........#
#.........#
#.##....#.#
#.##....#.#
#.##....#.#
#.........###########
..............(.@g..#
......###.#########.#
##### #.# #.# ..# ###


You could see a gnoll.

Vanquished Creatures
  A leopard gecko (D:1)
  2 goblins (D:1)
  3 hobgoblins (D:1)
  2 kobolds (D:1)
  2 bats (D:1)
  2 frilled lizards (D:1)
  A rat (D:1)
13 creatures vanquished.

Notes
Turn   | Place    | Note
-------+----------+-------------------------------------------
     0 | D:1      | Zeld the Octopode Warper began the quest for the Orb.
     0 | D:1      | Reached XP level 1. HP: 14/14 MP: 3/3
   201 | D:1      | Reached XP level 2. HP: 19/19 MP: 5/5
   391 | D:1      | Learned a level 2 spell: Blink
   404 | D:1      | Slain by a gnoll

Illustrated notes

Levels and vault maps discovered:
D:1:      beargit_arrival_greenhouse, layout_loops_ring

Action                   || total
-------------------------++-------
Melee: Mace              ||    24
       Constrict         ||     9
       Tentacles         ||     2
 Stab: Sleeping          ||     3
Armor: Skin              ||     2
Dodge: Dodged            ||    10
